 Dungeon Crawl Stone Soup version 0.24.0-13-gcf9b3192b9 (webtiles) character file.

Game seed: 11711286030163300392, levelgen mode: deterministic

2097 Monsterracer the Basher (level 9, -11/85 HPs)
             Began as a Naga Chaos Knight on Nov 6, 2019.
             Was a Plaything of Xom.
             Mangled by Harold
             ... wielding a +0 trident
              (16 damage)
             ... on level 7 of the Dungeon.
             The game lasted 00:06:58 (5480 turns).

Monsterracer the Basher (Naga Chaos Knight)         Turns: 5480, Time: 00:06:58

Health: -11/85     AC: 14    Str: 26    XL:     9   Next: 28%
Magic:  9/9        EV:  9    Int: 15    God:    Xom [......]
Gold:   61         SH:  0    Dex: 10    Spells: 8/8 levels left

rFire    . . .     SeeInvis +   n - +6 mace (protect)
rCold    . . .     Gourm    .   (no shield)
rNeg     . . .     Faith    .   b - +2 leather armour
rPois    +         Spirit   .   a - +0 helmet (curse)
rElec    .         Reflect  .   (no cloak)
rCorr    .         Harm     .   (no gloves)
MR       +....     Clarity  +   (no barding)
Stlth    ++........             i - amulet of regeneration
HPRegen  0.64/turn              q - +3 ring of strength
MPRegen  0.11/turn              l - +5 ring of strength

@: short of breath, protection aura, very slow
A: large, see invisible, clarity, clever 1, deformed body, high mp 1, poison
resistance, screaming 1, slowness 2, slow metabolism 1, spit poison 1, AC +3
a: Spit Poison, Renounce Religion


You were on level 7 of the Dungeon.
You worshipped Xom.
You were a very special plaything of Xom.
You were not hungry.

You visited 1 branch of the dungeon, and saw 7 of its levels.
You also visited: Ossuary and Bailey.

You collected 331 gold pieces.
You spent 270 gold pieces at shops.

Inventory:

Hand Weapons
 n - a +6 mace of protection (weapon)
   (You took it off Robin on level 2 of the Dungeon)
Armour
 a - a cursed +0 helmet (worn)
   (You took it off Robin on level 2 of the Dungeon)
 b - a +2 leather armour (worn)
Jewellery
 i - an amulet of regeneration (around neck)
   (You found it on level 5 of the Dungeon)
 l - a +5 ring of strength (right hand)
   (You found it on level 3 of the Dungeon)
 p - an uncursed ring of resist corrosion
   (You bought it in a shop on level 6 of the Dungeon)
 q - a +3 ring of strength (left hand)
   (You bought it in a shop on level 6 of the Dungeon)
 s - the ring "Fobep" {rF+ rN+ Int-4 SInv}
   (Xom gifted it to you in an ossuary)

   [ring of protection from fire]

   It affects your intelligence (-4).
   It protects you from fire.
   It protects you from negative energy.
   It lets you see invisible.
Scrolls
 f - 4 scrolls of identify
 o - 5 scrolls of amnesia
 r - 5 scrolls of remove curse
 t - 2 scrolls of teleportation {!r}
 X - 3 scrolls of blinking
Potions
 d - a potion of heal wounds
 e - 4 potions of curing
 g - a potion of agility
 h - a potion of haste
 j - a potion of might
 k - a potion of lignification
 m - 3 potions of flight
 u - a potion of mutation {!q}
 v - a potion of berserk rage {!q}
 z - a potion of brilliance
Comestibles
 c - 12 rations


   Skills:
 + Level 6.7 Fighting
 * Level 9.4 Maces & Flails
   Level 4.3 Polearms
 - Level 1.5 Armour
 - Level 0.7 Dodging
 - Level 4.0 Stealth


You had 8 spell levels left.
You didn't know any spells.
Your spell library contained the following spells:

 Spells                   Type           Power        Failure   Level  Hunger
 Summon Small Mammal      Summ           #...         30%         1    ##.....
 Call Imp                 Summ           #.......     41%         2    ###....
 Call Canine Familiar     Summ           #.......     65%         3    ####...
 Summon Guardian Golem    Hex/Summ       #.......     65%         3    ####...
 Summon Ice Beast         Ice/Summ       #.......     96%         4    #####..
 Summon Lightning Spire   Summ/Air       #.......     96%         4    #####..


Dungeon Overview and Level Annotations

Branches:
Dungeon (7/15)            Ossuary (visited)          Bailey (visited)
 Temple: D:4-7

Altars:
Elyvilon
Xom

Shops:
D:6 *

Annotations:
D:7 Harold


Innate Abilities, Weirdness & Mutations

You cannot wear boots.
Your serpentine skin is tough. (AC +3)
You have supernaturally acute eyesight. (SInv)
Armour fits poorly on your strangely shaped body.
Your system is resistant to poisons. (rPois)
You cover ground very slowly.
You have a slow metabolism.
You can spit poison.
You possess an exceptional clarity of mind.
Your mind is acute. (Int +2)
You have an increased reservoir of magic. (+10% MP)
You occasionally shout uncontrollably at your foes.


Message History

f - 5 scrolls of identify (gained 1)
Found 16 stones.
Found a runed brass wand.
v - a smoky red potion As you open the door, it creaks loudly!
Found an escape hatch in the ceiling.
There is an open door here.
You open the door.
Found a stone staircase leading down.
There is an open door here.
You open the door.
There is an open door here.
You hear Xom's maniacal laughter.
Smoke pours from your ears!
As you read the scroll of identify, it crumbles to dust.
v - a potion of berserk rage You open the door.
There is an open door here.
You open the door.
There is an open door here.
Found a stone staircase leading up.
There is a stone staircase leading up here.
Harold the Weathered comes into view.
He is wielding a +0 trident.
Harold shouts!
Harold throws a throwing net.
The throwing net hits you.
You become entangled in the net!
You see here a throwing net {!f}.
Harold is nearby!
You tear a large gash into the net.
You shred the net and break free! Harold hits you with a +0 trident.
Harold hits you with a +0 trident!!
You hit Harold but do no damage.
Your weapon exudes an aura of protection.
You sock Harold!
Harold is lightly wounded.
Harold hits you with a +0 trident!!
You hit Harold.
Harold is lightly wounded.
Harold barely misses you.
You are too injured to fight recklessly!
You hit Harold.
Harold is lightly wounded.
Harold hits you but does no damage.
You hit Harold.
Harold is moderately wounded.
Harold hits you with a +0 trident.
You are too injured to fight recklessly!
You hit Harold but do no damage.
Harold is moderately wounded.
Harold hits you with a +0 trident!
* * * LOW HITPOINT WARNING * * *
Press: ? - help, Shift-Dir - straight line, f - Harold
Aim: Harold, wielding a +0 trident and wearing a +0 scale mail (moderately wounded)
The splash of poison hits Harold.
Harold is poisoned.
Harold is moderately wounded.
You feel slightly more hungry. Harold barely misses you.
You hit Harold.
Harold is moderately wounded.
Harold hits you with a +0 trident.
* * * LOW HITPOINT WARNING * * *
You sock Harold!
Harold is heavily wounded.
You have got your breath back.
Unknown command.
You hit Harold.
Harold is heavily wounded.
Harold hits you with a +0 trident.
* * * LOW HITPOINT WARNING * * *
You completely miss Harold.
Harold is heavily wounded.
Harold barely misses you.
You barely miss Harold.
Harold is heavily wounded.
Harold hits you with a +0 trident!
* * * LOW HITPOINT WARNING * * *
You sock Harold!
Harold is severely wounded.
Harold completely misses you.
You hit Harold.
Harold is severely wounded.
Harold hits you but does no damage.
Press: ? - help, Shift-Dir - straight line, f/p - Harold
Aim: Harold, wielding a +0 trident and wearing a +0 scale mail (severely wounded, poisoned)
The splash of poison hits Harold.
Harold looks even sicker.
Harold is severely wounded.
You are starving!
Harold hits you with a +0 trident.
* * * LOW HITPOINT WARNING * * *
Unknown command.
You barely miss Harold.
Harold is severely wounded.
You hit Harold but do no damage.
Harold is severely wounded.
Harold hits you with a +0 trident!
* * * LOW HITPOINT WARNING * * *
Unknown command.
You eat one of the 13 rations.
That ration really hit the spot!
Harold hits you with a +0 trident!
You die...
Xom is highly amused!

####### #.....#
#.....# #.....#
.# #@..$.# .#####
#######@....#
.....#
#......######
.....# #...<..#
.....# #......#
.....# #......#
.....#####......#
................#
#'###...........#
....#...........#


You could see Harold.

Vanquished Creatures
  Grinder (D:3)
  Menkaure (D:7)
  2 ogres (D:5)
  A centaur (D:5)
  Blork the orc (D:5)
  4 elf zombies (Ossuary)
  2 bullfrogs (D:6)
  A scorpion (D:5)
  A bullfrog zombie (D:5)
  2 centaur zombies (Ossuary)
  2 orc wizards (D:5)
  An orc priest (D:3)
  4 human zombies (Ossuary)
  4 worker ants (D:5 D:6)
  2 mummies (Ossuary)
  Robin (D:2)
  8 adders (D:1 D:2 D:4 D:5)
  A shadow imp (D:5)
  2 worms (D:3 D:5)
  4 dart slugs (D:2 D:3)
  9 orcs (D:3 D:5 D:6)
  5 bats (D:1 D:2)
  4 giant cockroaches (D:2 D:3)
  22 goblins (D:1 D:2 D:3 D:5)
  11 hobgoblins (D:1 D:2 D:3)
  6 kobolds (D:1 D:3)
  4 quokkas (D:3 D:4 D:5)
  A ball python (D:2)
  6 frilled lizards (D:1 D:2 D:4 D:5)
  A leopard gecko zombie (D:6)
  8 rats (D:1 D:2 D:3)
122 creatures vanquished.

Vanquished Creatures (collateral kills)
  Pikel (D:4)
  3 slaves (D:4)
4 creatures vanquished.

Vanquished Creatures (others)
  An elf zombie (Ossuary)
  A centaur zombie (Ossuary)
  A mummy (Ossuary)
3 creatures vanquished.

Grand Total: 129 creatures vanquished

Notes
Turn   | Place    | Note
-------+----------+-------------------------------------------
     0 | D:1      | Monsterracer the Naga Chaos Knight began the quest for the
                  | Orb.
     0 | D:1      | Reached XP level 1. HP: 21/21 MP: 1/1
    90 | D:1      | XOM: silly message
   228 | D:1      | XOM: silly message
   363 | D:1      | Reached XP level 2. HP: 28/28 MP: 2/2
   581 | D:2      | HP: 13/28 [adder (3)]
   582 | D:2      | Reached XP level 3. HP: 13/34 MP: 3/3
   800 | D:2      | Noticed an ice beast
   805 | D:2      | HP: 17/34 [ice beast (2)]
  1275 | D:2      | XOM: potion effect (might)
  1280 | D:2      | HP: 16/34 [hobgoblin[Robin] (3)]
  1286 | D:2      | Noticed Robin
  1290 | D:2      | XOM: cast spell 'Summon Butterflies'
  1292 | D:2      | Reached skill level 1 in Stealth
  1296 | D:2      | HP: 14/34 [goblin/+0 club[Robin] (3)]
  1299 | D:2      | Reached XP level 4. HP: 16/43 MP: 4/4
  1302 | D:2      | HP: 12/43 [goblin/stone[Robin] (4)]
  1307 | D:2      | HP: 3/43 [Robin/+4 mace of protection (6)]
  1310 | D:2      | Killed Robin
  1747 | D:2      | XOM: harmless Tloc miscast
  1753 | D:2      | Reached skill level 1 in Maces & Flails
  1941 | D:3      | Noticed Grinder
  1946 | D:3      | XOM: divination: detect creatures
  1950 | D:3      | HP: 31/66 [Grinder (3)]
  1951 | D:3      | Paralysed by Grinder for 5 turns
  1953 | D:3      | XOM: divination: magic mapping
  1954 | D:3      | XOM: fog
  1960 | D:3      | HP: 27/66 [rat (1)]
  1961 | D:3      | XOM: fake destruction
  1966 | D:3      | Reached skill level 2 in Maces & Flails
  1966 | D:3      | Reached XP level 5. HP: 25/50 MP: 5/5
  1967 | D:3      | HP: 23/75 [giant cockroach (2)]
  1974 | D:3      | HP: 22/75 [giant cockroach (1)]
  1983 | D:3      | Killed Grinder
  1983 | D:3      | Reached skill level 4 in Maces & Flails
  1983 | D:3      | Reached XP level 6. HP: 27/57 MP: 6/6
  2431 | D:3      | Reached skill level 5 in Maces & Flails
  2582 | D:4      | Found a sand-covered staircase.
  2587 | Ossuary  | Entered an ossuary
  2595 | Ossuary  | XOM: god gift: twitching pewter ring {god gift}
  2596 | Ossuary  | Got a twitching pewter ring {god gift}
  2597 | Ossuary  | Identified the ring "Fobep" {rF+ rN+ Int-4 SInv} (Xom
                  | gifted it to you in an ossuary)
  2607 | Ossuary  | XOM: divine lightning
  2614 | Ossuary  | XOM: cast spell 'Shadow Creatures'
  2616 | Ossuary  | XOM: fake destruction
  2624 | Ossuary  | XOM: give mutations
  2624 | Ossuary  | Gained mutation: You have an increased reservoir of magic.
                  | (+10% MP) [Xom's grace]
  2624 | Ossuary  | Gained mutation: You are resistant to electric shocks.
                  | (rElec) [Xom's grace]
  2624 | Ossuary  | Gained mutation: You possess an exceptional clarity of
                  | mind. [Xom's grace]
  2624 | Ossuary  | Gained mutation: Your mind is acute. (Int +2) [Xom's grace]
  2627 | Ossuary  | Reached XP level 7. HP: 46/63 MP: 7/7
  2650 | Ossuary  | HP: 27/64 [mummy (18)]
  2656 | Ossuary  | HP: 22/64 [mummy (7)]
  2657 | Ossuary  | XOM: divine lightning
  2664 | Ossuary  | HP: 17/64 [centaur zombie (7)]
  2670 | Ossuary  | XOM: confuse monster(s)
  2678 | Ossuary  | XOM: cast spell 'Olgreb's Toxic Radiance'
  2681 | Ossuary  | XOM: destruction
  2682 | Ossuary  | XOM: scenery: create altars
  2689 | Ossuary  | HP: 10/64 [human zombie (4)]
  2690 | Ossuary  | Reached skill level 6 in Maces & Flails
  2695 | Ossuary  | HP: 8/66 [elf zombie (4)]
  2696 | Ossuary  | HP: 2/66 [elf zombie (6)]
  2698 | Ossuary  | XOM: enchant monster (bad)
  2702 | Ossuary  | HP: 5/66 [human zombie (4)]
  2717 | Ossuary  | HP: 10/66 [elf zombie (2)]
  3111 | D:4      | Noticed Pikel
  3128 | D:4      | Killed Pikel
  3128 | D:4      | Reached skill level 5 in Fighting
  3128 | D:4      | Reached skill level 7 in Maces & Flails
  3128 | D:4      | Reached XP level 8. HP: 44/75 MP: 8/8
  3355 | D:4      | XOM: harmless Tloc miscast
  3438 | D:5      | Entered Level 5 of the Dungeon
  3470 | D:4      | XOM: harmless Air miscast
  3745 | D:5      | Reached skill level 8 in Maces & Flails
  3864 | D:5      | Noticed Blork the orc
  3873 | D:5      | XOM: harmless Summ miscast
  3876 | D:5      | XOM: summons 2 friendly demons
  3878 | D:5      | Killed Blork the orc
  3930 | D:5      | XOM: smoke on damage
  3942 | D:5      | Reached XP level 9. HP: 63/82 MP: 9/9
  4006 | D:5      | XOM: medium Conj miscast
  4440 | D:5      | XOM: god gift: 56 gold pieces
  4446 | D:5      | Reached skill level 9 in Maces & Flails
  4461 | D:5      | XOM is BORED!
  4461 | D:5      | XOM: give mutation
  4461 | D:5      | Gained mutation: You occasionally shout uncontrollably at
                  | your foes. [Xom's mischief]
  4615 | D:6      | Found Keawkeun's Assorted Antiques.
  4616 | D:6      | Found a white marble altar of Elyvilon.
  4636 | D:6      | XOM: polymorph quokka -> goblin
  4645 | D:6      | Bought a potion of lignification for 81 gold pieces
  4645 | D:6      | Bought a diamond ring for 135 gold pieces
  4645 | D:6      | Bought a ring of strength for 54 gold pieces
  4690 | D:6      | XOM: harmless Tmut miscast
  4816 | D:6      | XOM: scenery: create altars
  4884 | D:6      | XOM: god gift: ration
  4998 | D:6      | XOM: scenery: create altars
  5168 | D:6      | XOM: give mutation
  5168 | D:6      | Lost mutation: You are resistant to electric shocks.
                  | (rElec) [Xom's mischief]
  5199 | D:6      | XOM: summons 4 hostile demons
  5251 | D:7      | Noticed Menkaure
  5265 | D:7      | Killed Menkaure
  5298 | D:7      | Found a flagged portal.
  5300 | D:7      | XOM: medium Necr miscast
  5329 | Bailey   | Entered a bailey
  5329 | Bailey   | Noticed an orc knight
  5408 | D:7      | XOM: mild Conj miscast
  5459 | D:7      | Noticed Harold
  5468 | D:7      | HP: 31/85 [Harold/+0 trident (15)]
  5474 | D:7      | HP: 15/85 [Harold/+0 trident (9)]
  5479 | D:7      | HP: 5/85 [Harold/+0 trident (9)]
  5480 | D:7      | Mangled by Harold

Levels and vault maps discovered:
D:1:      dpeg_arrival_boxes_within_box, layout_rooms, item_on_display_b
D:2:      layout_rooms, uniq_robin, uniq_crazy_yiuf_cottage
D:3:      layout_rooms, uniq_grinder
D:4:      lemuel_upstairs_altar, layout_basic, enter_ossuary_2, first_ration,
          uniq_pikel
D:5:      layout_loops_cross, minmay_ogre_servants, uniq_blork_the_orc
D:6:      layout_loops_ring, elyvilon_altar_4, serial_shops, shop
D:7:      layout_gridville, temple_doors_e, enter_bailey_2, uniq_menkaure,
          uniq_harold

Skill      XL: |  1  2  3  4  5  6  7  8  9 |
---------------+----------------------------+-----
Polearms       | 4 |  4.3
Stealth        | 1 2 4 |  4.0
Maces & Flails | 2 4 5 7 8 9 |  9.4
Fighting       | 5 6 |  6.7
Armour         | |  1.5
Dodging        | |  0.7

Action                   |  1- 3 |  4- 6 |  7- 9 || total
-------------------------+-------+-------+-------++-------
Melee: Spear             |   106 |    10 |       ||   116
       Mace              |       |    67 |   251 ||   318
       Unarmed           |       |    35 |       ||    35
 Abil: Spit Poison       |     4 |     3 |     5 ||    12
  Use: Scroll            |     4 |     5 |     9 ||    18
       Potion            |     2 |     1 |     2 ||     5
 Stab: Paralysed         |     3 |       |       ||     3
       Sleeping          |       |       |     5 ||     5
  Eat: Chunk             |       |     4 |     3 ||     7
       Ration            |       |       |     2 ||     2
Armor: Leather armour    |    43 |    27 |   100 ||   170
       Skin              |       |   107 |       ||   107
Dodge: Dodged            |    52 |    41 |    65 ||   158
